[Event "Early-Titled-Tuesday-Blitz-February-06-2024"]
[Site "Chess.com"]
[Date "2024.02.06"]
[Round "8"]
[White "GHANDEEVAM2003"]
[Black "Hikaru"]
[Result "1/2-1/2"]
[WhiteElo "3046"]
[BlackElo "3304"]
[TimeControl "180+1"]
[EndTime "9:30:20 PST"]
[Termination "Game drawn by repetition"]

1. Nf3 Nf6 2. c4 e6 3. g3 d5 4.
Bg2 Be7 5. O-O O-O 6. d4 dxc4 7. Ne5 Nc6 8. Nxc6 bxc6 9. Na3 Bxa3 10. bxa3 Ba6 11.
Qd2 Rb8 12. Qa5 Rb6 13. e4 Bb5 14. Rd1 c5 15. Be3 cxd4 16. Rxd4 Qb8 17. a4 Ba6 18. Rdd1 Rc6 19. Rab1 Qc8 20. Bxa7 c3 21. e5 Nd5 22. Bxd5 exd5 23. Qxd5 Bb7 24. Rdc1 Rb6 25. Qd3 Rxb1 26. Rxb1 Qa8 27. Bc5 Be4 28. Qxc3 Bxb1 29. Bxf8 Kxf8 30. Qb4+ Ke8 31. Qxb1 Qxa4 32. Qb8+ Kd7 33.
Qb3 Qxb3 34. axb3 Ke6 35. f4 Kd5 36. Kf2 Kd4 37. Ke2 g6 38. Kd2 c5 39. Kc2 h5 40.
Kd2 h4 41. gxh4 Ke4 42. Kc3 Kxf4 43. Kc4 Kxe5 44. Kxc5 f5 45. b4 f4 46. b5 f3 47.
b6 f2 48. b7 f1=Q 49. b8=Q+ Ke4 50. Qe8+ Kf3 51. Qf7+ Kg2 52. Qxg6+ Kxh2 53. h5 Qc1+ 54. Kd5 Qd2+ 55. Ke6 Qe3+ 56. Kf7 Qf3+ 57. Kg7 Qb7+ 58.
Qf7 Qb2+ 59. Kg6 Qb1+ 60. Qf5 Qb6+ 61. Kg5 Qd8+ 62. Qf6 Qg8+ 63. Kh6 Kh3 64. Qf5+ Kh4 65. Qf4+ Kh3 66. Qf3+ Kh2 67. Qe2+ Kh3 68. Qf1+ Kh2 69. Qf2+ Kh3 70. Qf5+ Kh4 71. Qf4+ Kh3 72. Qe5 Kh4 73. Qd4+ Kh3 74. Qg7 Qd8 75. Kg6 Qd3+ 76. Kh6 Qd6+ 77. Qg6 Qf8+ 78. Kh7 Qd8 79. h6 Kh4 80. Qe4+ Kh5 81.
Qf5+ Kh4 82. Kg7 Qe7+ 83. Qf7 Qg5+ 84. Qg6 Qe7+ 85. Qf7 Qg5+ 86. Kh7 Qd8 87. Qf4+ Kh5 88. Qf5+ Kh4 89. Kg6 Qg8+ 90. Kf6 Qf8+ 91. Kg6 Qg8+ 92.
Kf6 Qf8+ 93. Kg6 Qg8+ 1/2-1/2

[Event "Early-Titled-Tuesday-Blitz-February-06-2024"]
[Site "Chess.com"]
[Date "2024.02.06"]
[Round "8"]
[White "Hovik_Hayrapetyan"]
[Black "Thunderbolt135"]
[Result "1-0"]
[WhiteElo "2902"]
[BlackElo "2696"]
[TimeControl "180+1"]
[EndTime "9:30:20 PST"]
[Termination "Hovik_Hayrapetyan won by checkmate"]

1. d4 Nf6 2. c4 e6 3. Nc3 Bb4 4. Nf3 b6 5. Bd2 Bb7 6. g3 O-O 7. Bg2 a5 8. O-O Bxc3 9. Bxc3 Be4 10. Re1 d6 11. Bh3 Nbd7 12. Nd2 Bb7 13. e4 Qe7 14. e5 dxe5 15. dxe5 Ne8 16. Ne4 Nc5 17. Bg2 Nxe4 18. Bxe4 Bxe4 19. Rxe4 Rd8 20. Rd4 Rxd4 21. Qxd4 g6 22. Rd1 Ng7 23. g4 Qh4 24. Kg2 h5 25. h3 Re8 26. f3 Qg5 27. Qd2 Qe7 28. Qd4 Rf8 29. Rd3 Qh4 30. Qf2 Qg5 31. Qd2 Qh4 32. Bd4 Rd8 33. Bf2 Rxd3 34. Qxd3 Qe7 35. Kg3 Qe8 36.
Be3 Qe7 37. b3 Kf8 38. h4 Kg8 39. Bg5 Qe8 40. Bf6 Qc6 41. Qd8+ Ne8 42. gxh5 gxh5 43.
Qd2 Nxf6 44. exf6 Qd6+ 45. Qxd6 cxd6 46. Kf4 Kh7 47. Kg5 d5 48. cxd5 exd5 49. Kf5 d4 50. Ke4 Kg6 51. Kxd4 Kxf6 52. Ke4 Ke6 53. a4 f6 54. Kf4 Ke7 55. Kf5 Kf7 56. f4 Ke7 57.
Kg6 Ke6 58. Kxh5 Kf5 59. Kh6 Kxf4 60. h5 Kg4 61. Kg6 f5 62. h6 f4 63. h7 f3 64.
h8=Q f2 65. Qd4+ Kg3 66. Qe3+ Kg2 67. Qe2 Kg1 68. Qg4+ Kh1 69. Qh3+ Kg1 70. Qg3+ Kf1 71. Kf5 Ke2 72. Qg2 Ke3 73. Qe4+ Kd2 74. Qf3 Ke1 75.
Qe3+ Kf1 76. Kg4 Kg2 77. Qe2 Kg1 78. Kg3 f1=Q 79. Qh2# 1-0

[Event "Early-Titled-Tuesday-Blitz-February-06-2024"]
[Site "Chess.com"]
[Date "2024.02.06"]
[Round "8"]
[White "Semetey"]
[Black "mbchess97"]
[Result "0-1"]
[WhiteElo "2625"]
[BlackElo "2466"]
[TimeControl "180+1"]
[EndTime "9:30:23 PST"]
[Termination "mbchess97 won by checkmate"]

1. Nf3 Nf6 2. g3 e6 3. Bg2 d5 4.
b3 Be7 5. c4 O-O 6. Bb2 a5 7.
Nc3 Bd7 8. O-O a4 9. cxd5 a3 10. Bc1 exd5 11. d4 Bb4 12. Bd2 Nc6 13. Rc1 Re8 14.
Bg5 Be6 15. Ne5 h6 16. Bxf6 Qxf6 17. Nxd5 Bxd5 18. Bxd5 Nxe5 19. dxe5 Qxe5 20. Bxb7 Rad8 21. Qc2 Rd2 22. Qc4 Bd6 23. Bc6 Re7 24. Rc2 Rxc2 25.
Qxc2 Qxe2 26. Qf5 Qxa2 27. Qc8+ Kh7 28. Qf5+ g6 29. Qf3 Qe2 30. Qxe2 Rxe2 31. Bd5 a2 32. b4 Be5 33. Bxa2 Rxa2 34. Re1 Bd6 35. b5 Rb2 36. Kg2 Rxb5 37. Re2 Kg7 38. h4 h5 39. Rc2 Kf6 40.
Kf3 Rc5 41. Rd2 Rc3+ 42. Ke4 Be5 43. Ra2 Rc4+ 44. Ke3 Bd6 45. Kd3 Rb4 46. Ke3 Rb3+ 47. Ke4 Bc5 48. Ra6+ Rb6 49. Ra2 Re6+ 50. Kf4 Bb6 51.
Rc2 c5 52. Kf3 Rc6 53. Ke4 c4 54. Kd5 Rc5+ 55. Kd6 Rc8 56. f3 c3 57. Kd5 Ke7 58.
Re2+ Kd7 59. Rc2 Rc5+ 60. Kd4 Rb5+ 61. Kc4 Rc5+ 62. Kd4 Rc7+ 63. Kd5 f6 64. g4 hxg4 65. fxg4 Rc5+ 66. Ke4 Rc4+ 67. Kf3 Bd4 68. h5 gxh5 69. gxh5 Ke6 70. Ke4 Be5+ 71. Kd3 Rc8 72. Rc1 Kf7 73. Rh1 Rh8 74. h6 Kg6 75. Ke4 Rxh6 76. Rg1+ Kf7 77. Ra1 Rh4+ 78. Kd5 c2 79. Ra7+ Kg6 80. Rc7 Rh2 81.
Rc8 Bf4 82. Ke4 c1=Q 83. Rg8+ Kf7 84. Rg4 Qe3+ 85. Kf5 Qe5# 0-1

[Event "Early-Titled-Tuesday-Blitz-February-06-2024"]
[Site "Chess.com"]
[Date "2024.02.06"]
[Round "8"]
[White "KanalSzachowy"]
[Black "GlavkonVVS"]
[Result "0-1"]
[WhiteElo "2383"]
[BlackElo "2625"]
[TimeControl "180+1"]
[EndTime "9:30:35 PST"]
[Termination "GlavkonVVS won by checkmate"]

1. e4 Nf6 2. e5 Nd5 3. d4 d6 4.
Bc4 Nb6 5. Bb3 a5 6. a4 dxe5 7. Qh5 e6 8. dxe5 Nc6 9. Nf3 Nd4 10. Nxd4 Qxd4 11. O-O g6 12. Qg5 Be7 13. Qg3 h5 14. Nd2 h4 15. Qh3 Qxe5 16. Nf3 Qf5 17. Qxf5 gxf5 18.
Bf4 Bd6 19. Ne5 Nd7 20. Rfe1 Nxe5 21. Bxe5 Bxe5 22. Rxe5 Ke7 23. Rae1 Kf6 24. Rc5 c6 25. f4 Rd8 26. g3 Rd4 27. Ree5 hxg3 28. hxg3 b5 29.
Rxc6 bxa4 30. Bc4 Bb7 31. Rc7 Be4 32. Be2 Rad8 33. Kf2 R8d7 34. Rxd7 Rxd7 35. g4 Bxc2 36. gxf5 Bxf5 37. Rxa5 Rd4 38. Ke3 Re4+ 39. Kf3 Rb4 40. Rb5 Rxb5 41. Bxb5 Bc2 42. Ke2 Kf5 43. Be8 f6 44.
Ke3 Bb3 45. Bd7 Kg6 46. Be8+ Kg7 47. Kd4 Kf8 48. Bd7 Ke7 49. Bc6 Kd6 50. Be8 e5+ 51.
fxe5+ fxe5+ 52. Ke4 Bc2+ 53. Ke3 Kc5 54. Bh5 Kb4 55. Be8 Bf5 56. Bf7 Bc2 57. Bd5 Bb3 58. Bc6 Kc5 59. Be8 Bc2 60. Bf7 Kb4 61. Be8 Bf5 62.
Bf7 Bd7 63. Bd5 Kc5 64. Bf7 Bc6 65. Bg6 Kb4 66. Bf7 Bb7 67. Be6 Bc6 68. Bf7 Bb5 69.
Be6 Bc4 70. Bf5 Kb3 71. Ke4 Kxb2 72. Kxe5 a3 73. Kd4 a2 74. Kxc4 a1=Q 75. Kd5 Qc1 76. Ke6 Qe3+ 77. Kf6 Kc3 78. Kg6 Kd4 79. Bb1 Ke5 80. Kf7 Qg5 81. Bg6 Qf6+ 82. Ke8 Qxg6+ 83. Kd8 Qf7 84. Kc8 Kd6 85. Kb8 Kc6 86. Ka8 Qb7# 0-1

[Event "Early-Titled-Tuesday-Blitz-February-06-2024"]
[Site "Chess.com"]
[Date "2024.02.06"]
[Round "8"]
[White "VitaliyChayka"]
[Black "zverr1"]
[Result "0-1"]
[WhiteElo "2410"]
[BlackElo "2561"]
[TimeControl "180+1"]
[EndTime "9:30:53 PST"]
[Termination "zverr1 won by checkmate"]

1. d4 Nf6 2. Bf4 g6 3. e3 Bg7 4. h3 c5 5. c3 b6 6. Nf3 Bb7 7. Nbd2 O-O 8. Be2 d5 9. O-O Nc6 10. a4 Nd7 11. a5 Nxa5 12. b4 Nc6 13. b5 Na5 14. Nb3 Nc4 15. Qc2 e5 16. Bg5 f6 17.
Bh4 e4 18. Nfd2 Nxd2 19. Nxd2 c4 20. Ra4 a6 21. bxa6 Rxa6 22. Rxa6 Bxa6 23. Ra1 Bb5 24. Ra7 Rf7 25. Qa2 Nf8 26. Ra8 Qd7 27. Bg3 f5 28.
Rb8 Rf6 29. Qa8 Re6 30. Rd8 Bc6 31. Qb8 Qb7 32. Nxc4 Qxb8 33. Rxb8 Bb5 34. Nxb6 Bxe2 35.
Nxd5 Bc4 36. Nb6 Ba2 37. c4 Rxb6 38. Rxb6 Bxc4 39. Rb8 Kf7 40. Rb7+ Kg8 41. Rb8 Bd5 42. Bd6 Kf7 43. Ba3 Nd7 44. Rb5 Ke6 45. Ra5 Bf8 46.
Ra6+ Kf7 47. Bxf8 Nxf8 48. Ra7+ Kf6 49. g3 h6 50. h4 Ne6 51. Ra6 Bc4 52. Rc6 Bb3 53.
Rb6 Ba2 54. Kf1 g5 55. hxg5+ hxg5 56. Ke1 g4 57. Rb5 Ng7 58. Re5 Be6 59. Kd2 Bd7 60. Kc3 Ne8 61. Ra5 Nd6 62. Ra6 Ke6 63. Kb4 Kd5 64.
Ra5+ Ke6 65. Re5+ Kf6 66. Ra5 Ke6 67. Ra8 Bc6 68. Rh8 Nf7 69. Rh7 Kf6 70. Kc5 Ba8 71.
d5 Kg6 72. Rh1 Ne5 73. Ra1 Nd3+ 74. Kd6 Bxd5 75. Kxd5 Nxf2 76. Ke5 Nd3+ 77. Ke6 Nc5+ 78. Kd5 Nd3 79. Ra8 Kf6 80. Rf8+ Kg6 81. Ke6 Nc5+ 82.
Ke5 Nd7+ 83. Kf4 Nxf8 84. Ke5 Nd7+ 85. Kf4 Nc5 86. Ke5 Nb3 87. Kf4 Nc1 88. Ke5 Kg5 89.
Kd4 Kf6 90. Kc3 Ne2+ 91. Kd2 Nxg3 92. Ke1 Nh5 93. Kf2 Ke5 94. Kg2 Nf6 95. Kf2 Nd5 96.
Kg2 Nxe3+ 97. Kf2 f4 98. Kg1 Kd4 99. Kf2 Kd3 100. Kg1 Nd5 101. Kf2 Nb6 102. Kg2 Na8 103. Kh2 e3 104. Kg2 f3+ 105. Kh2 e2 106. Kg3 e1=Q+ 107. Kh2 Qf2+ 108. Kh1 Qg2# 0-1

[Event "Early-Titled-Tuesday-Blitz-February-06-2024"]
[Site "Chess.com"]
[Date "2024.02.06"]
[Round "8"]
[White "SouS007"]
[Black "Evgeny81"]
[Result "0-1"]
[WhiteElo "2517"]
[BlackElo "2707"]
[TimeControl "180+1"]
[EndTime "9:30:55 PST"]
[Termination "Evgeny81 won by checkmate"]

1. e4 c5 2. Nf3 b6 3. d4 cxd4 4. Nxd4 Bb7 5. Nc3 g6 6. h4 h5 7. Bg5 Bg7 8. Bc4 Nc6 9. Ndb5 Nf6 10. Nd5 Nxd5 11. exd5 Ne5 12. d6 f6 13. Nc7+ Kf8 14. Bb3 fxg5 15. O-O g4 16. Re1 Rc8 17. Bd5 Rxc7 18.
dxc7 Qxc7 19. Bxb7 Qxb7 20. Qd2 Bf6 21. Qf4 d6 22. Rad1 Kg7 23. c3 Bxh4 24. Rxe5 dxe5 25.
Qxe5+ Bf6 26. Qe6 Rf8 27. Rd7 Qc8 28. g3 Qc5 29. b4 Qf5 30. Qc6 Rf7 31. Rd2 Qf3 32.
Qe8 Bxc3 33. Qd7 Bxd2 34. Qxd2 b5 35. Qd4+ Qf6 36. Qxa7 h4 37. gxh4 g3 38. fxg3 Qf1+ 39. Kh2 Rf2+ 40. Qxf2 Qxf2+ 41. Kh3 Qxa2 42. h5 gxh5 43.
Kh4 Kh6 44. g4 Qc4 45. Kh3 hxg4+ 46. Kg3 Kg5 47. Kg2 Qxb4 48. Kg3 Qe4 49. Kf2 Qd3 50.
Kg2 Kf4 51. Kf2 Qc2+ 52. Ke1 Kf3 53. Kf1 Qd2 54. Kg1 Qe2 55. Kh1 e6 56. Kg1 Kf4 57.
Kh1 Kf5 58. Kg1 Kf6 59. Kh1 Kf7 60. Kg1 Kf8 61. Kh1 Ke8 62. Kg1 Kd8 63. Kh1 Kc8 64.
Kg1 Kb8 65. Kh1 Ka8 66. Kg1 Ka7 67. Kh1 Ka6 68. Kg1 Ka5 69. Kh1 Ka4 70. Kg1 Ka3 71.
Kh1 Ka2 72. Kg1 Ka1 73. Kh1 b4 74. Kg1 e5 75. Kh1 e4 76. Kg1 Ka2 77. Kh1 Ka3 78.
Kg1 Ka4 79. Kh1 Ka5 80. Kg1 Ka6 81. Kh1 Ka7 82. Kg1 Ka8 83. Kh1 Kb8 84. Kg1 Kc8 85.
Kh1 Kd8 86. Kg1 Ke8 87. Kh1 Kf8 88. Kg1 Kg8 89. Kh1 Kh8 90. Kg1 Kh7 91. Kh1 Kh6 92.
Kg1 Kh5 93. Kh1 Kh4 94. Kg1 Kg5 95. Kh1 Kf4 96. Kg1 e3 97. Kh1 Ke4 98. Kg1 Ke5 99.
Kh1 Kd5 100. Kg1 Kd4 101. Kh1 Kc4 102. Kg1 Kc5 103. Kh1 Kb5 104. Kg1 b3 105. Kh1 Kb4 106. Kg1 Ka4 107. Kh1 Ka5 108. Kg1 b2 109. Kh1 g3 110. Kg1 Kb5 111. Kh1 Kc5 112. Kg1 Qd2 113. Kh1 Kd5 114. Kg1 Kd4 115. Kh1 Kd3 116. Kg1 Kc2 117. Kh1 Kc1 118. Kg1 b1=Q 119. Kf1 Qa1 120. Kg1 Kb1 121. Kh1 g2+ 122. Kg1 Qc2 123. Kh2 g1=Q+ 124. Kxg1 e2 125. Kh2 Kc1 126. Kh3 Kd1 127. Kg2 Ke1 128. Kf3 Kf1 129. Kg4 e1=Q 130. Kf4 Ke2 131. Kg4 Qcd1 132. Kf4 Qab1 133. Ke5 Qbc1 134. Ke4 Kf1+ 135. Kf5 Kf2 136. Kg6 Kf3 137. Kf5 Qee2 138. Kg6 Qdd2 139. Kf5 Qcc2+ 140. Kf6 Qee3 141. Kf7 Qdd3 142. Kf6 Qcc3+ 143. Kf7 Kf4 144. Kg8 Qee4 145. Kf7 Qdd4 146. Kf8 Qcb4+ 147. Kf7 Qbc4+ 148. Kf8 Ke5 149. Kg7 Ke6+ 150. Kg8 Qb7 151. Kf8 Qda7 152. Kg8 Qcc7 153. Kf8 Qd7 154. Kg8 Qbc7 155. Kf8 Qab7 156. Kg8 Kf6 157. Kf8 Kg6 158. Kg8 Qe7 159. Kh8 Qcd7 160. Kg8 Qbc7 161. Kh8 Kf7 162. Kh7 Qh2# 0-1

[Event "Early-Titled-Tuesday-Blitz-February-06-2024"]
[Site "Chess.com"]
[Date "2024.02.06"]
[Round "8"]
[White "SargissyanSargis"]
[Black "Chessdreamer2020"]
[Result "1/2-1/2"]
[WhiteElo "2408"]
[BlackElo "2536"]
[TimeControl "180+1"]
[EndTime "9:31:03 PST"]
[Termination "Game drawn - insufficient material"]

1. e4 d6 2. d4 Nf6 3. Nc3 c6 4. Bg5 Nbd7 5. Qd2 e5 6. Nf3 Be7 7. a4 O-O 8. Bc4 b6 9. dxe5 dxe5 10. O-O Qc7 11. Nh4 Nc5 12. Qe2 Bg4 13. f3 Be6 14.
Nf5 Bxf5 15. exf5 Rfe8 16. Rfe1 Nh5 17. Bxe7 Qxe7 18. Ne4 Nf4 19. Qf2 Nxe4 20. fxe4 Qb4 21. b3 Rad8 22. Rad1 b5 23. axb5 cxb5 24. Bd5 Nxd5 25.
exd5 a5 26. f6 g6 27. Qe3 Qd6 28. Rf1 Rc8 29. Rf2 Rc5 30. Qh6 Qf8 31. Qg5 e4 32. Re2 Qd6 33. Rd4 Qb6 34. Qe3 Qxf6 35. Rxe4 Rxe4 36.
Qxe4 Kg7 37. h3 a4 38. bxa4 bxa4 39. Qxa4 Rxd5 40. Qe4 Rd1+ 41. Kh2 Rc1 42. Qd3 Qa1 43. Qe3 Rh1+ 44. Kg3 Rc1 45. Qe5+ Qxe5+ 46. Rxe5 Rxc2 47. Ra5 Rc3+ 48. Kf2 h5 49. h4 Rc4 50. g3 Rc3 51. Kg2 Rc6 52. Rb5 Kf6 53. Ra5 Re6 54. Rb5 Re5 55. Rb6+ Kf5 56. Kf3 f6 57. Rb3 Rc5 58.
Ra3 Rd5 59. Rb3 g5 60. hxg5 fxg5 61. Ra3 g4+ 62. Kg2 Ke4 63. Ra8 Rd2+ 64. Kg1 Re2 65. Rf8 Ke3 66. Rf7 Rc2 67. Rf8 Rc5 68. Rf7 Ke4 69. Rf8 Rf5 70. Re8+ Kf3 71. Kh2 h4 72. gxh4 g3+ 73. Kg1 Kg4 74. Rg8+ Kh3 75. Ra8 Rd5 76. Ra1 Rd2 77. Kh1 Rh2+ 78. Kg1 Rd2 79. Kh1 Rd5 80. Kg1 Kxh4 81. Kh1 Kh3 82. Kg1 Rd2 83. Rb1 Re2 84.
Ra1 Rg2+ 85. Kh1 Rf2 86. Kg1 Rf6 87. Kh1 Rf5 88. Kg1 Rf3 89. Ra8 Rd3 90. Rh8+ Kg4 91. Rg8+ Kf3 92. Rf8+ Ke2 93. Kg2 Re3 94. Rg8 Ke1 95.
Rxg3 Rxg3+ 96. Kxg3 1/2-1/2

[Event "Early-Titled-Tuesday-Blitz-February-06-2024"]
[Site "Chess.com"]
[Date "2024.02.06"]
[Round "8"]
[White "Lady_Nika"]
[Black "VinzentSpitzl"]
[Result "1-0"]
[WhiteElo "2587"]
[BlackElo "2465"]
[TimeControl "180+1"]
[EndTime "9:31:09 PST"]
[Termination "Lady_Nika won on time"]

1. d4 Nf6 2. e3 d5 3. f4 g6 4. Nf3 Bg7 5. c3 O-O 6. Bd3 Bf5 7. O-O Nbd7 8. Bxf5 gxf5 9. Nbd2 Ne4 10. Ne5 e6 11. Rf3 Nxd2 12. Bxd2 Nxe5 13. fxe5 f6 14. exf6 Qxf6 15.
Be1 Qg6 16. Bg3 c6 17. Bd6 Rf7 18. Rg3 Qh6 19. Qf3 Kh8 20. Bf4 Qh4 21. Bg5 Qe4 22. Qh5 Raf8 23. Rh3 f4 24. exf4 c5 25. dxc5 d4 26. cxd4 Bxd4+ 27. Kh1 Bxb2 28. Rd1 Bd4 29. Bh6 Rg8 30. Bg5 Rgf8 31. Rhd3 Bxc5 32. h3 Qg6 33. Qh4 Kg7 34. Rg3 Kh8 35. Bh6 Qc2 36. Rf1 Re8 37.
Bg5 Qf5 38. Re1 Bd6 39. Rd1 Bc7 40. Rgd3 Rg8 41. Rd7 Rgf8 42. Rxf7 Qxf7 43. Qh6 Bb6 44. f5 exf5 45. Rd6 f4 46. Rd1 Rg8 47. Bxf4 Rf8 48.
Be5+ Kg8 49. Qg5+ Qg6 50. Qe7 Qf7 51. Qg5+ Qg6 52. Qh4 Re8 53. Bf4 Bc5 54. Bg3 Be3 55. Qc4+ Kg7 56. Bh2 Rg8 57. Rd7+ Kh6 58. Qh4+ Qh5 59.
Rd6+ Rg6 60. Bf4+ Bxf4 61. Qxf4+ Qg5 62. Qf8+ Kh5 63. g4+ Kh4 64. Qf2+ Kxh3 65. Rd3+ Kxg4 66. Rg3+ Kh5 67. Rxg5+ Rxg5 68. Qh2+ Kg6 69. Qd6+ Kh5 70. Qd7 b5 71. Qxh7+ Kg4 72. Qd7+ Kf4 73. Qxa7 Re5 74. Kg2 Ke4 75. Kf2 Kd5 76. Qc7 Re4 77. Kf3 Rc4 78.
Qb7+ Kc5 79. Ke3 Kb4 80. Kd3 Rc1 81. Qa7 Rc4 82. a3+ Kb3 83. Qa5 Ra4 84. Qxb5+ Kxa3 85. Kc3 1-0

[Event "Early-Titled-Tuesday-Blitz-February-06-2024"]
[Site "Chess.com"]
[Date "2024.02.06"]
[Round "9"]
[White "Herman-NY"]
[Black "GMAkobianSTL"]
[Result "1-0"]
[WhiteElo "2548"]
[BlackElo "2703"]
[TimeControl "180+1"]
[EndTime "9:39:10 PST"]
[Termination "Herman-NY won by resignation"]

1. e4 d6 2. d4 Nf6 3. Nc3 c6 4.
f4 Qa5 5. e5 Ne4 6. Qf3 d5 7.
Bd3 Nxc3 8. Bd2 Qb6 9. bxc3 e6 10.
f5 c5 11. fxe6 cxd4 12. Qxf7+ 1-0

[Event "Early-Titled-Tuesday-Blitz-February-06-2024"]
[Site "Chess.com"]
[Date "2024.02.06"]
[Round "9"]
[White "HeroWilczek"]
[Black "vladgoncharov"]
[Result "0-1"]
[WhiteElo "2481"]
[BlackElo "2628"]
[TimeControl "180+1"]
[EndTime "9:39:24 PST"]
[Termination "vladgoncharov won by resignation"]

1. e4 e6 2. d3 c5 3. g3 Nc6 4.
Bg2 g6 5. Ne2 Bg7 6. O-O Nge7 7.
Nbc3 d6 8. Be3 Nd4 9. f4 O-O 10. Qd2 Rb8 11. a4 a6 12. a5 Nec6 13. Nd1 b5 14.
axb6 Rxb6 15. c3 Nb3 16. Qc2 Nxa1 17. Qa4 Nb3 0-1

[Event "Early-Titled-Tuesday-Blitz-February-06-2024"]
[Site "Chess.com"]
[Date "2024.02.06"]
[Round "9"]
[White "ItsCheckM8Mate"]
[Black "Szachulec75"]
[Result "0-1"]
[WhiteElo "2350"]
[BlackElo "2220"]
[TimeControl "180+1"]
[EndTime "9:39:30 PST"]
[Termination "Szachulec75 won by checkmate"]

1. d4 Nf6 2. Nc3 g6 3. e4 d6 4. Bf4 Bg7 5. Qd2 c6 6. Bh6 Bxh6 7. Qxh6 b5 8. e5 dxe5 9. dxe5 b4 10. exf6 bxc3 11. Qg7 Rf8 12. b3 Qd2# 0-1

[Event "Early-Titled-Tuesday-Blitz-February-06-2024"]
[Site "Chess.com"]
[Date "2024.02.06"]
[Round "9"]
[White "manitodeplomo"]
[Black "CADMartin"]
[Result "1-0"]
[WhiteElo "2603"]
[BlackElo "2472"]
[TimeControl "180+1"]
[EndTime "9:39:53 PST"]
[Termination "manitodeplomo won by resignation"]

1. d4 Nf6 2. c4 e6 3. Nf3 c5 4. d5 exd5 5. cxd5 d6 6. Nc3 g6 7.
e4 Bg7 8. h3 O-O 9. Bd3 b5 10.
Nxb5 Nxe4 11. Bxe4 Qa5+ 12. Nc3 Re8 13. O-O Bxc3 14. bxc3 Rxe4 15. Ng5 Re8 16. Qf3 Qc7 17.
c4 Bf5 18. Bb2 h6 19. Qc3 f6 20. Qxf6 1-0

[Event "Early-Titled-Tuesday-Blitz-February-06-2024"]
[Site "Chess.com"]
[Date "2024.02.06"]
[Round "9"]
[White "SHIVACalypso"]
[Black "mertfelin"]
[Result "1-0"]
[WhiteElo "2509"]
[BlackElo "2282"]
[TimeControl "180+1"]
[EndTime "9:39:56 PST"]
[Termination "SHIVACalypso won by resignation"]

1. Nf3 d5 2. c4 e6 3. g3 Nf6 4. Bg2 Be7 5. O-O O-O 6. b3 b6 7. Bb2 Bb7 8. e3 c5 9. d4 Nbd7 10.
Nbd2 Rc8 11. Rc1 Ne4 12. Qe2 Ndf6 13. Rfd1 Qe8 14. Nxe4 dxe4 15. Ne5 a5 16. Ng4 Nxg4 17. Qxg4 Bf6 18. Bxe4 Bxe4 19. Qxe4 cxd4 20. Bxd4 Bd8 21.
Qb7 Rb8 22. Qxb8 1-0

[Event "Early-Titled-Tuesday-Blitz-February-06-2024"]
[Site "Chess.com"]
[Date "2024.02.06"]
[Round "9"]
[White "SnekkerAndersen"]
[Black "Msb2"]
[Result "0-1"]
[WhiteElo "2639"]
[BlackElo "2981"]
[TimeControl "180+1"]
[EndTime "9:40:05 PST"]
[Termination "Msb2 won by resignation"]

1. d4 d5 2. c4 e6 3. Nc3 Bb4 4. Nf3 Nf6 5. cxd5 exd5 6. Bg5 O-O 7. e3 h6 8. Bh4 Bf5 9. Bd3 Bxd3 10. Qxd3 Nbd7 11. O-O c6 12. a3 Bd6 13. b4 a6 14.
Rab1 Re8 15. Bg3 Bxg3 16. hxg3 Ne4 17. Nd2 Nxd2 18. Qxd2 Nb6 19. Qd3 Nc4 20. Ne2 Qd6 21. Nf4 b5 22. Rfe1 a5 23. e4 dxe4 24. Rxe4 Rxe4 25.
Qxe4 Nd2 26. Qc2 Nxb1 27. Qxb1 Qxd4 28. Qc2 Qc4 29. Qb2 axb4 30. axb4 Rd8 31. Nh5 Qd4 32. Qa2 Qd1+ 0-1

[Event "Early-Titled-Tuesday-Blitz-February-06-2024"]
[Site "Chess.com"]
[Date "2024.02.06"]
[Round "9"]
[White "Caroexpert"]
[Black "Drags95"]
[Result "0-1"]
[WhiteElo "2572"]
[BlackElo "2831"]
[TimeControl "180+1"]
[EndTime "9:40:13 PST"]
[Termination "Drags95 won by resignation"]

1. d4 Nf6 2. Nf3 e6 3. Bf4 d5 4. e3 c5 5. Nbd2 Bd6 6. c3 O-O 7. Bd3 Qc7 8. Bxd6 Qxd6 9. Ne5 b6 10. f4 Ba6 11. Bc2 Nc6 12. Qf3 Rac8 13. Rc1 b5 14. g4 b4 15. Rg1 bxc3 16. bxc3 cxd4 17. exd4 Qa3 18. Rg3 Qxc1+ 19. Bd1 Nxe5 20. fxe5 Ne4 0-1

[Event "Early-Titled-Tuesday-Blitz-February-06-2024"]
[Site "Chess.com"]
[Date "2024.02.06"]
[Round "9"]
[White "Orest_Vovk"]
[Black "Elnaz_Kaliakhmet"]
[Result "1-0"]
[WhiteElo "2581"]
[BlackElo "2281"]
[TimeControl "180+1"]
[EndTime "9:40:13 PST"]
[Termination "Orest_Vovk won by resignation"]

1. h4 d5 2. h5 h6 3. e4 dxe4 4. Nc3 Nf6 5. Qe2 Bf5 6. Qb5+ Bd7 7. Qxb7 Bc6 8. Bb5 Bxb5 9. Nxb5 Na6 10. Qc6+ Nd7 11. Qxa6 e5 12. Qc6 Bd6 13. Nxd6+ cxd6 14. Qxd6 Rc8 15. Rh3 Rxc2 16. Rc3 Rxc3 17. bxc3 f6 18. Ba3 Kf7 19. Qd5+ 1-0

[Event "Early-Titled-Tuesday-Blitz-February-06-2024"]
[Site "Chess.com"]
[Date "2024.02.06"]
[Round "9"]
[White "toninhojit"]
[Black "Maitreia"]
[Result "0-1"]
[WhiteElo "2540"]
[BlackElo "2763"]
[TimeControl "180+1"]
[EndTime "9:40:50 PST"]
[Termination "Maitreia won by resignation"]

1. d4 Nf6 2. c4 e5 3. dxe5 Ng4 4. Nf3 Bc5 5. e3 Nc6 6. Be2 O-O 7. O-O Re8 8. b3 Ngxe5 9. Bb2 a5 10. Nbd2 Ra6 11. Nxe5 Nxe5 12. Nf3 Nxf3+ 13. Bxf3 Rh6 14. Qd2 d6 15. a3 Qh4 16. h3 Bxh3 17. Qc3 Re5 18. g3 Rg6 19. Bg2 Rxg3 20. fxg3 Qxg3 21. Qc2 Bxe3+ 22. Kh1 Bxg2+ 0-1

[Event "Early-Titled-Tuesday-Blitz-February-06-2024"]
[Site "Chess.com"]
[Date "2024.02.06"]
[Round "9"]
[White "jefferyx"]
[Black "xamax2000"]
[Result "0-1"]
[WhiteElo "2991"]
[BlackElo "2871"]
[TimeControl "180+1"]
[EndTime "9:40:53 PST"]
[Termination "xamax2000 won by resignation"]

1. d4 d5 2. c4 e6 3. Nf3 Nf6 4. Nc3 c5 5. e3 a6 6. cxd5 exd5 7. dxc5 Bxc5 8. Be2 Nc6 9. O-O O-O 10. Nd4 Nxd4 11. exd4 Ba7 12. Bg5 Be6 13. Bf3 h6 14. Bh4 Rc8 15. Rc1 Rc4 16. Bxf6 Qxf6 17. Nxd5 Bxd5 18. Bxd5 Rxd4 19. Qb3 Rd2 20. Rc2 Qxf2+ 0-1

[Event "Early-Titled-Tuesday-Blitz-February-06-2024"]
[Site "Chess.com"]
[Date "2024.02.06"]
[Round "9"]
[White "banhgiahuy2606"]
[Black "ImportedItalianMaple"]
[Result "0-1"]
[WhiteElo "2684"]
[BlackElo "2518"]
[TimeControl "180+1"]
[EndTime "9:40:54 PST"]
[Termination "ImportedItalianMaple won by resignation"]

1. e4 g6 2. d4 Bg7 3. Nc3 d5 4.
Nxd5 c6 5. Ne3 Qxd4 6. Qxd4 Bxd4 7. Nf3 Bg7 8. Bc4 Nf6 9. e5 Ng4 10. Nxg4 Bxg4 11. Ng5 e6 12. Bf4 Nd7 13. h3 Bf5 14. g4 Bxc2 15. Rc1 Ba4 16. b3 Bb5 17. Bxb5 cxb5 18. Rc7 Bxe5 19. Bxe5 Nxe5 20. f4 Nd3+ 21. Kd2 Nxf4 22. Nxf7 O-O 23. Rxb7 Rxf7 0-1

[Event "Early-Titled-Tuesday-Blitz-February-06-2024"]
[Site "Chess.com"]
[Date "2024.02.06"]
[Round "9"]
[White "CSB7"]
[Black "ri4mi"]
[Result "1-0"]
[WhiteElo "2733"]
[BlackElo "2555"]
[TimeControl "180+1"]
[EndTime "9:40:56 PST"]
[Termination "CSB7 won by resignation"]

1. c4 e6 2. Nc3 d5 3. e3 c6 4.
Nf3 f5 5. Be2 Nf6 6. O-O Bd6 7. d3 e5 8. cxd5 cxd5 9. Qb3 Bc7 10. e4 fxe4 11. dxe4 O-O 12. Bg5 h6 13. Bxf6 Qxf6 14. Nxd5 1-0

[Event "Early-Titled-Tuesday-Blitz-February-06-2024"]
[Site "Chess.com"]
[Date "2024.02.06"]
[Round "9"]
[White "BogdanDeac"]
[Black "blitzking1729"]
[Result "0-1"]
[WhiteElo "3000"]
[BlackElo "2757"]
[TimeControl "180+1"]
[EndTime "9:41:02 PST"]
[Termination "blitzking1729 won by resignation"]

1. b3 a5 2. Bb2 a4 3. b4 e6 4. a3 Nf6 5. c4 c5 6. bxc5 Bxc5 7.
e3 d5 8. cxd5 exd5 9. Bb5+ Bd7 10. Bxf6 Qxf6 11. Nc3 d4 12. Bxd7+ Nxd7 13. Ne4 Qg6 14.
Ng3 Ne5 15. Nf3 Nd3+ 16. Kf1 dxe3 17. dxe3 O-O 18. Qe2 Rfd8 19. h4 Qf6 20. Rb1 Bxa3 21. Kg1 Bb2 22. Ne4 Qe7 0-1

[Event "Early-Titled-Tuesday-Blitz-February-06-2024"]
[Site "Chess.com"]
[Date "2024.02.06"]
[Round "9"]
[White "Narek_Ghimoyan"]
[Black "Let_it_be_1"]
[Result "0-1"]
[WhiteElo "2419"]
[BlackElo "2582"]
[TimeControl "180+1"]
[EndTime "9:41:15 PST"]
[Termination "Let_it_be_1 won by resignation"]

1. d4 d5 2. c4 e6 3. Nc3 Be7 4. Nf3 Nf6 5. Bf4 O-O 6. e3 Nbd7 7. Qc2 c5 8. dxc5 Nxc5 9. Rd1 Qa5 10. Be2 Nce4 11. O-O Nxc3 12. bxc3 Bd7 13. Ne5 Ba4 14. Qb2 Bxd1 15. Rxd1 Ne4 16. cxd5 Nxc3 17. Re1 Nxd5 18. Rf1 Bf6 19. Qxb7 Nc3 20. Bf3 Bxe5 0-1